 Dungeon Crawl Stone Soup version 0.25-a0-949-gdd2af9e06e (webtiles) character file.

Game seed: 6836513303755031397, levelgen mode: classic

94 EnegeticOcto the Skirmisher (level 4, 0/41 HPs)
             Began as a Minotaur Fighter on May 8, 2020.
             Slain by a jackal (3 damage)
             ... on level 1 of the Dungeon.
             The game lasted 00:00:29 (554 turns).

EnegeticOcto the Skirmisher (Minotaur Fighter)       Turns: 554, Time: 00:00:30

Health: 0/41       AC:  8    Str: 22    XL:     4   Next: 38%
Magic:  3/3        EV:  8    Int:  5    God:
Gold:   8          SH:  9    Dex:  9    Spells: 3/3 levels left

rFire    . . .     SeeInvis .   a - +0 war axe
rCold    . . .     Gourm    .   c - +0 kite shield
rNeg     . . .     Faith    .   b - +0 scale mail
rPois    .         Spirit   .   (helmet restricted)
rElec    .         Reflect  .   (no cloak)
rCorr    .         Harm     .   (no gloves)
MR       .....                  m - +0 pair of boots
Stlth    ..........             (no amulet)
HPRegen  0.13/turn              (no ring)
MPRegen  0.08/turn              (no ring)

@: no status effects
A: retaliatory headbutt, horns 2
a: no special abilities


You were on level 1 of the Dungeon.
You were not hungry.

You visited 1 branch of the dungeon, and saw 2 of its levels.

You collected 8 gold pieces.

Inventory:

Hand Weapons
 a - a +0 war axe (weapon)
Missiles
 l - a throwing net (quivered)
Armour
 b - a +0 scale mail (worn)
 c - a +0 kite shield (worn)
 m - a +0 pair of boots (worn)
Scrolls
 d - a scroll of fog {unknown}
Potions
 g - a potion of degeneration {unknown}
 h - 2 potions of brilliance {unknown}
 i - a potion of curing {unknown}
 j - 2 potions of heal wounds {unknown}
 k - a potion of might {@q3}
Comestibles
 e - 2 rations


   Skills:
 * Level 4.6 Fighting
 * Level 3.5 Axes
 + Level 4.1 Armour
 + Level 1.4 Dodging
 + Level 4.1 Shields


You had 3 spell levels left.
You didn't know any spells.
Your spell library was empty.

Dungeon Overview and Level Annotations

Branches:
Dungeon (2/15)

Altars:


Innate Abilities, Weirdness & Mutations

You reflexively headbutt those who attack you in melee.
You have a pair of horns on your head.


Message History

A worm comes into view.
You slash the ooze!
You kill the ooze!
Your Dodging skill increases to level 1!
You have reached level 3!
Your experience leads to an increase in your attributes!
Increase (s)trength, (i)ntelligence, or (d)exterity?
You feel stronger.
You closely miss the orc.
Your shield and scale mail prevent you from hitting the jackal.
You hit the orc priest. You miss the orc wizard. You closely miss the orc.
An orc priest comes into view. It is wielding a +0 falchion.
The orc wizard closely misses you. The orc hits you but does no damage.
The orc priest hits you but does no damage.
The orc closely misses you.
The jackal bites you but does no damage.
The orc wizard mumbles some strange words.
The orc wizard seems to speed up.
You block the orc's attack. You block the orc priest's attack.
You block the jackal's attack. The orc closely misses you.
The jackal bites you but does no damage.
You block the orc wizard's attack.
The jackal bites you but does no damage.
The jackal closely misses you. You furiously retaliate!
You headbutt the jackal. The orc hits you but does no damage.
The orc priest hits you but does no damage.
The orc barely misses you.
You climb upwards.
There is a stone staircase leading down here.
You closely miss the orc priest.
The orc priest is moderately wounded.
You hit the orc wizard. You closely miss the jackal.
Your shield and scale mail prevent you from hitting the jackal.
You closely miss the orc. x2
The orc wizard gestures at you while chanting.
The magic dart hits you.
The jackal bites you but does no damage.
You block the jackal's attack. You block the orc wizard's attack.
The orc hits you with a +0 dagger.
* * * LOW HITPOINT WARNING * * *
The jackal bites you but does no damage.
The orc priest calls down the wrath of Beogh upon you.
Pain shoots through your body!
* * * LOW HITPOINT WARNING * * *
The jackal bites you.
* * * LOW HITPOINT WARNING * * *
The orc hits you but does no damage.
The orc wizard hits you but does no damage.
You hit the orc priest.
The orc priest is moderately wounded.
You slash the orc wizard! You closely miss the jackal. You hit the jackal.
You closely miss the orc. You slash the orc!
You kill the orc!
The jackal bites you.
* * * LOW HITPOINT WARNING * * *
You block the jackal's attack.
The orc wizard casts a spell.
The orc wizard flickers and vanishes!
Deactivating autopickup; reactivate with Ctrl-A.
You block the orc priest's attack. The orc hits you but does no damage.
The jackal barely misses you. You furiously retaliate!
You headbutt the jackal. The jackal barely misses you.
Something hits you but does no damage.
You completely miss the orc priest.
The orc priest is moderately wounded.
You miss something. You hit the jackal.
You kill the jackal!
You barely miss the jackal.
Your shield and scale mail prevent you from hitting the orc.
The jackal bites you but does no damage.
The orc priest looks encouraged for a moment.
You block the orc's attack.
The jackal bites you but does no damage.
The orc priest hits you but does no damage.
You hit the orc priest. You headbutt the orc priest.
You kill the orc priest!
Your Armour skill increases to level 4!
Your Shields skill increases to level 4!
Your shield and scale mail prevent you from hitting something.
You closely miss the jackal. You hit the orc.
The jackal bites you but does no damage.
Something hits you.
* * * LOW HITPOINT WARNING * * *
You block the orc's attack. You block the jackal's attack.
Something hits you but does no damage. The orc barely misses you.
You block something's attack. The jackal closely misses you.
Something hits you but does no damage.
Things that are here:
a +0 club; a +0 leather armour You hit the jackal.
The jackal is almost dead.
You slash something!
Reactivating autopickup.
You have reached level 4!
You feel stronger.
You feel a bit more experienced. The jackal barely misses you.
The jackal bites you but does no damage.
You closely miss the orc.
The orc is lightly wounded.
You miss the jackal. The jackal bites you.
You die...

########...........
#.....##.#.........
#######........#.........
#.....#.....####.........
#...>.#.....# #..........
#.....####### #..........
###.....#########..........
##.......#......#...........
##.........o@......####......
#........†.h.......# #.#####
#.........>).......####......
#..................#.........
#...........................#
#...............)......#.##.#
##.......................##.#
#...................####.....
#...................# #.#...


You could see an orc and a jackal.

Vanquished Creatures
  An orc wizard (D:1)
  An orc priest (D:1)
  2 oozes
  2 orcs
  A ball python (D:1)
  A bat (D:1)
  A giant cockroach (D:1)
  5 goblins (D:1)
  A hobgoblin (D:1)
  5 jackals (D:1)
  A frilled lizard (D:1)
  3 rats (D:1)
24 creatures vanquished.

Notes
Turn   | Place    | Note
-------+----------+-------------------------------------------
     0 | D:1      | EnegeticOcto the Minotaur Fighter began the quest for the
                  | Orb.
     0 | D:1      | Reached XP level 1. HP: 19/19 MP: 0/0
    62 | D:1      | Reached XP level 2. HP: 26/27 MP: 1/1
   544 | D:2      | Reached skill level 1 in Dodging
   544 | D:2      | Reached XP level 3. HP: 18/33 MP: 2/2
   553 | D:1      | Reached XP level 4. HP: 3/41 MP: 3/3
   554 | D:1      | Slain by a jackal

Levels and vault maps discovered:
D:1:      mrwooster_arrival_statue, layout_rooms
D:2:      layout_basic, serial_bayou_pond_d, uniq_sigmund

Skill      XL: |  1  2  3 |
---------------+----------+-----
Fighting       | 4 |  4.6
Axes           | 3 |  3.5
Dodging        | 1 |  1.4
Armour         | 4 |  4.1
Shields        | 4 |  4.1

Action                   |  1- 3 |  4- 6 || total
-------------------------+-------+-------++-------
Melee: War axe           |    57 |     1 ||    58
       Headbutt          |     6 |       ||     6
Armor: Scale mail        |    48 |     1 ||    49
Dodge: Dodged            |    32 |     1 ||    33
Block: Kite shield       |    43 |       ||    43

Table legend:
 A = Non-vault XP
 B = Vault XP
 C = Vault XP percentage of total XP
 D = Non-vault monster count
 E = Vault monster count
 F = Vault count percentage of total count
                 A         B        C        D         E       F
            +---------+---------+-------+---------+---------+-------
      Total |     135 |       0 |   0.0 |      24 |       0 |   0.0
            +---------+---------+-------+---------+---------+-------
        D:1 |     125 |       0 |   0.0 |      22 |       0 |   0.0
        D:2 |      10 |       0 |   0.0 |       2 |       0 |   0.0
            +---------+---------+-------+---------+---------+-------
